 Dungeon Crawl Stone Soup version 0.32-a0-886-g41c5271027 (webtiles) character file.

Game seed: 6423803097712726172

213 Chadd the Poker (level 5, -10/41 HPs)
             Began as a Coglin Gladiator on Apr 3, 2024.
             Killed by divine providence
             ... invoked by an orc priest
              (15 damage)
             ... on level 4 of the Dungeon.
             The game lasted 00:05:19 (2315 turns).

Chadd the Poker (Coglin Gladiator)                  Turns: 2315, Time: 00:05:19

Health: -10/41     AC:  7    Str: 16    XL:     5   Next: 90%
Magic:  5/5        EV: 11    Int:  8    God:
Gold:   199        SH:  0    Dex: 15    Spells: 4/4 levels left

rFire   . . .        a - +0 trident {Kulveer}
rCold   . . .        j - +0 spear {Thoko}
rNeg    . . .        f - +0 ring mail
rPois   .            c - +0 helmet
rElec   .            (no cloak)
rCorr   .            (no gloves)
SInv    .            x - +0 pair of boots
Will    .....        (amulet unavailable)
Stlth   +            (ring unavailable)
HPRegen 0.26/turn    (ring unavailable)
MPRegen 0.09/turn    (no gizmo)

%: no passive effects
@: revved
A: off-hand wielding, slow wielding, warmup strikes, no jewellery
a: Invent Gizmo, Convert to Beogh


You were on level 4 of the Dungeon.
You visited 1 branch of the dungeon, and saw 4 of its levels.

You collected 199 gold pieces.

Inventory:

Hand Weapons
 a - a +0 trident (weapon) {Kulveer}
 j - a +0 spear (offhand) {Thoko}
Missiles
 d - 3 throwing nets (quivered)
 e - a javelin
 t - 7 poisoned darts
Armour
 b - a +0 leather armour
 c - a +0 helmet (worn)
 f - a +0 ring mail (worn)
 x - a +0 pair of boots (worn)
Scrolls
 g - 2 scrolls of teleportation {unknown}
 h - a scroll of enchant weapon {unknown}
 i - a scroll of noise {unknown}
 k - a scroll of fog {unknown}
 l - a scroll of revelation {unknown}
 m - a scroll of poison {unknown}
 r - 4 scrolls of identify {unknown}
 s - a scroll of immolation {unknown}
 u - 2 scrolls of enchant armour {unknown}
 y - a scroll of vulnerability {unknown}
Potions
 n - a potion of lignification {unknown}
 o - a potion of curing {unknown}
 p - a potion of enlightenment {unknown}
 q - a potion of might {unknown}
 v - a potion of invisibility {unknown}
 w - a potion of haste {unknown}


   Skills:
 + Level 3.2 Fighting
 + Level 3.6 Polearms
 * Level 3.3 Throwing
 + Level 3.6 Dodging


You had 4 spell levels left.
You didn't know any spells.
Your spell library was empty.

Dungeon Overview and Level Annotations

Branches:
Dungeon (4/15)
 Temple: D:4-7

Altars:


Innate Abilities, Weirdness & Mutations

You can wield a second weapon in your off-hand.
It takes a long time for you to wield or remove held weapons.
Your first few attacks do less damage.
You cannot equip rings or amulets.


Message History

You closely miss something with your +0 spear.
The orc hits you but does no damage. Something hits you but does no damage.
The orc priest mumbles some strange prayers to Beogh against you.
Beogh smites you!
The orc priest shouts, "The Pantheon deserves no one's loyalty.
Let us show you the true path!" (press Y on the ability menu to convert to Beogh)
Okay, then.
You hit something with your +0 trident. You hit something but do no damage.
The orc closely misses you. Something hits you but does no damage.
The orc priest mumbles some strange prayers to Beogh against you.
Beogh smites you!
You closely miss something with your +0 spear.
You closely miss something with your +0 trident.
The orc hits you with a +0 dagger.
* * * LOW HITPOINT WARNING * * *
Something hits you but does no damage.
You closely miss something with your +0 trident.
You barely miss something with your +0 spear.
The orc misses you. Something hits you.
* * * LOW HITPOINT WARNING * * *
Unknown command.
Okay, then.
You barely miss the orc with your +0 trident.
You hit the orc with your +0 spear. The orc hits you but does no damage.
Something hits you but does no damage.
You hit the orc with your +0 trident.
You kill the orc!
The orc priest calls down the wrath of Beogh upon you.
Something writhes in agony!
Reactivating autopickup.
You feel a bit more experienced.
The orc priest calls down the wrath of Beogh upon you.
Pain shoots through your body!
* * * LOW HITPOINT WARNING * * *
Items here: ))) [[[ ††.
You barely miss the orc priest with your +0 spear.
You puncture the orc priest with your +0 trident!
The orc priest calls down the wrath of Beogh upon you.
Beogh smites you!
You die...

........#........^
........'.........
.##.##..##.<###+##
.
####..##..###.###
. ....#.....#...#
. .....+.....#...+
........#.....#...
###########.###o#
##'###@###
#.....)..#
#........#
+........#
#........#
..#####..## ##.
###.. #. ... #.
#..


You could see an orc priest.

Vanquished Creatures
  Jessica (D:2)
  2 orc wizards (D:4)
  5 adders
  4 dart slugs
  3 ribbon worms
  2 orcs
  3 ball pythons
  10 endoplasms
  3 giant cockroaches
  6 goblins
  2 hobgoblins
  3 jackals (D:3)
  7 kobolds
  A quokka (D:2)
  5 bats
  4 frilled lizards
  5 rats
66 creatures vanquished.

Vanquished Creatures (others)
  An orc wizard (D:4)
1 creature vanquished.

Grand Total: 67 creatures vanquished

Notes
Turn   | Place    | Note
-------+----------+-------------------------------------------
     0 | D:1      | Chadd the Coglin Gladiator began the quest for the Orb.
     0 | D:1      | Reached XP level 1. HP: 16/16 MP: 1/1
     2 | D:1      | Noticed a demonspawn
     2 | D:1      | Noticed a draconian
     4 | D:1      | Noticed an oni
     4 | D:1      | Noticed a ghoul
     6 | D:1      | Noticed a vampire
     6 | D:1      | Noticed a formicid
     8 | D:1      | Noticed a troll
    10 | D:1      | Noticed a gargoyle
    10 | D:1      | Noticed a demigod
    12 | D:1      | Noticed an armataur
    12 | D:1      | Noticed a human
    14 | D:1      | Noticed a felid
    16 | D:1      | Noticed a minotaur
    16 | D:1      | Noticed a spriggan
    18 | D:1      | Noticed a barachi
    20 | D:1      | Noticed a naga
    20 | D:1      | Noticed a merfolk
    22 | D:1      | Noticed an elf
    24 | D:1      | Noticed an octopode
    24 | D:1      | Noticed a dwarf
    26 | D:1      | Noticed a djinni
    26 | D:1      | Noticed a tengu
    28 | D:1      | Noticed a vine stalker
   273 | D:1      | Reached XP level 2. HP: 22/22 MP: 2/2
   337 | D:1      | You fall into a shaft and drop 1 floor!
   403 | D:2      | Noticed Jessica
   407 | D:2      | Killed Jessica
   408 | D:2      | Reached XP level 3. HP: 28/28 MP: 3/3
   539 | D:2      | Reached XP level 4. HP: 24/34 MP: 4/4
  1777 | D:3      | Reached XP level 5. HP: 40/40 MP: 5/5
  2315 | D:4      | Killed from afar by an orc priest

Illustrated notes

Levels and vault maps discovered:
D:1:      kb_arrival_jail, layout_loops_ring
D:2:      layout_rooms, uniq_jessica
D:3:      layout_loops_corners, minmay_cupped
D:4:      layout_gridville, minmay_temple_entry_junction,
          minmay_a_box_with_orc_wizards_in_it, uniq_natasha, uniq_eustachio

Skill      XL: |  1  2  3  4  5 |
---------------+----------------+-----
Throwing       | 2 3 |  3.3
Polearms       | 3 |  3.6
Dodging        | 3 |  3.6
Fighting       | 3 |  3.2

Action                     |  1- 3 |  4- 6 || total
---------------------------+-------+-------++-------
  Melee: Trident           |    49 |    99 ||   148
         Dagger            |     7 |       ||     7
         Spear             |    34 |    92 ||   126
   Stab: Sleeping          |     1 |       ||     1
 Armour: Leather armour    |     8 |       ||     8
         Ring mail         |    16 |    48 ||    64
  Dodge: Dodged            |    24 |    37 ||    61

Table legend: (Time is in decaauts)
 A = Elapsed time spent in this place.
 B = Non-inter-level travel time spent in this place.
 C = Inter-level travel time spent in this place.
 D = Time resting spent in this place.
 E = Time spent auto-exploring this place.
 F = Levels seen in this place.
 G = Mean time per level.
                   A        B        C        D        E       F      G
               +--------+--------+--------+--------+--------+-----+--------+
         Total |   2322 |   2118 |    204 |      0 |   1684 |   4 |  580.5 |
       Dungeon |   2322 |   2118 |    204 |      0 |   1684 |   4 |  580.5 |
               +--------+--------+--------+--------+--------+-----+--------+

Top non-repeatable levels by time:
     D:3: 886 daAuts
     D:1: 711 daAuts
     D:2: 624 daAuts
     D:4: 101 daAuts
